 Dungeon Crawl Stone Soup version 0.29-a0-284-gf9362112df (webtiles) character file.

Game seed: 7528465931351378550

9 stonesoup the Skirmisher (level 2, -1/25 HPs)
             Began as a Djinni Berserker on Mar 24, 2022.
             Was a Follower of Trog.
             Slain by a kobold
             ... wielding a +4 whip
              (6 damage)
             ... on level 1 of the Dungeon.
             The game lasted 00:01:10 (622 turns).

stonesoup the Skirmisher (Djinni Berserker)          Turns: 622, Time: 00:01:11

Health: -1/25      AC:  5    Str: 16    XL:     2   Next: 20%
Gold:   0          EV:  9    Int:  8    God:    Trog [*.....] SH:  6 Dex: 12

rFire   + + .      SeeInvis .   a - +0 falchion
rCold   x . .      Faith    .   f - +0 kite shield
rNeg    . . .      Spirit   .   e - +0 ring mail
rPois   ∞          Reflect  .   (no helmet)
rElec   .          Harm     .   (no cloak)
rCorr   .          Rampage  .   (no gloves)
Will    .....                   (boots unavailable)
Stlth   +.........              (no amulet)
HPRegen 0.08/turn               (no ring)
MPRegen 0.00/turn               (no ring)

@: flying
A: sickness immunity, fire resistance 2, cold vulnerability 1, float, innate
caster, HP casting, extra vitality 1
a: Renounce Religion, Berserk


You were on level 1 of the Dungeon.
You worshipped Trog.
Trog was aware of your devotion.
You visited 1 branch of the dungeon, and saw 1 of its levels.

Inventory:

Hand Weapons
 a - a +0 falchion (weapon)
 c - a +0 hunting sling
Armour
 e - a +0 ring mail (worn)
 f - a +0 kite shield (worn)
Scrolls
 d - a scroll of teleportation {unknown}


   Skills:
 + Level 3.1 Fighting
 + Level 2.8 Long Blades
 + Level 2.2 Armour
 + Level 2.4 Dodging


You had one spell level left.
You didn't know any spells.
Your spell library was empty.

Dungeon Overview and Level Annotations

Branches:
Dungeon (1/15)

Altars:


Innate Abilities, Weirdness & Mutations

You are immune to sickness and miasma.
You are immune to poison.
Your flesh is very heat resistant. (rF++)
You are vulnerable to cold. (rC-)
You float through the air rather than walking.
You learn spells naturally, not from books.
Your magical power is your life essence.
You have superior vitality. (+4 MHP)


Message History

The bat barely misses you. The bat hits you but does no damage.
You hit the bat.
You kill the bat!
Trog accepts your kill.
No target in view!
No target in view!
You see here a +0 kite shield.
f - a +0 kite shield
(D) Dungeon
Where to? (? - help)
Okay, then.
You start putting on your armour.
You continue putting on your +0 kite shield. x4
You finish putting on your +0 kite shield.
You drop a +0 animal skin.
An endoplasm comes into view.
The endoplasm hits you.
You hit the endoplasm.
The endoplasm is moderately wounded.
The endoplasm hits you. The endoplasm freezes you.
You are frozen!
You feel a terrible chill!
You hit the endoplasm.
The endoplasm is almost dead.
The endoplasm hits you but does no damage.
You hit the endoplasm.
You kill the endoplasm!
Trog accepts your kill.
A kobold comes into view. It is wielding a +4 whip.
The kobold shouts!
You barely miss the kobold. The kobold hits you with a +4 whip. x2
You barely miss the kobold. The kobold completely misses you.
You hit the kobold but do no damage. The kobold hits you with a +4 whip.
You are too injured to fight recklessly!
You hit the kobold.
The kobold is moderately wounded.
The kobold hits you with a +4 whip.
* * * LOW HITPOINT WARNING * * *
The kobold hits you with a +4 whip.
You die...

♣≈.≈♣≈### # ⌠♣≈♣⌠♣≈.
##.#. # ♣...♣≈##.###
... # ≈...≈.......
... # ≈...≈###.##
... ##########
≈.<.≈## .# #.#
#.........
≈...≈.##.# #.#
#.########
≈...≈....## #K#
#...# P...♣≈..^.#
#@# ###.#
⌠P≈♣⌠♣≈##.######.#.#
#.######
P≈.≈♣≈.............#
#......#
≈...≈...#.####.#####
#..8#8.# ##........#
#.# #..#!#.#
#......######.#
#..8#8.. ###.##.##
#...# ###.......
#.##..###.#.##
#.........
#............#
#.########


You could see a kobold.

Vanquished Creatures
  An endoplasm (D:1)
  3 hobgoblins (D:1)
  A kobold (D:1)
  A quokka (D:1)
  A bat (D:1)
7 creatures vanquished.

Vanquished Creatures (others)
  4 toadstools (D:1)
4 creatures vanquished.

Grand Total: 11 creatures vanquished

Notes
Turn   | Place    | Note
-------+----------+-------------------------------------------
     0 | D:1      | stonesoup the Djinni Berserker began the quest for the Orb.
     0 | D:1      | Reached XP level 1. HP: 20/20 MP: 0/0
   234 | D:1      | Reached XP level 2. HP: 20/25 MP: 0/0
   622 | D:1      | Slain by a kobold

Illustrated notes

Levels and vault maps discovered:
D:1:      ldierk_water_garden, layout_loops_ring,
          hellmonk_ecumenical_altar_slurped_away, minmay_statues_item,
          nrook_mini_backslash, minmay_misc_feat_enclosed

Action                   || total
-------------------------++-------
Melee: Falchion          ||    31
Armor: Ring mail         ||     7
Dodge: Dodged            ||    19

Table legend: (Time is in decaauts)
 A = Elapsed time spent in this place.
 B = Non-inter-level travel time spent in this place.
 C = Inter-level travel time spent in this place.
 D = Time resting spent in this place.
 E = Time spent auto-exploring this place.
 F = Levels seen in this place.
 G = Mean time per level.
                   A        B        C        D        E       F      G
               +--------+--------+--------+--------+--------+-----+--------+
         Total |    627 |    627 |      0 |      0 |    520 |   1 |  627.0 |
       Dungeon |    627 |    627 |      0 |      0 |    520 |   1 |  627.0 |
               +--------+--------+--------+--------+--------+-----+--------+

Top non-repeatable levels by time:
     D:1: 627 daAuts
